Map: Frozen Temple

Players

gfk - Winner!

  • Race: Terran Terran
  • League: Gold
  • Spawn Location: 11:00

Fropez

  • Race: Protoss Protoss
  • League: Gold
  • Spawn Location: 5:00

VOD

Have the link to the VOD?

Description

Time

  • Played on: Oct. 6, 2016, 2:51 p.m.
  • Length: 7:51
Show
View Real Time Build Order
Export as new Build Order

gfk Terran - Winner!

Build Orders: MMM Bio 

Get SALT Encoding   

  12  0:01  SCV  
  13  0:13  SCV  
  14  0:18  Supply Depot  
  14  0:25  SCV  
  15  0:38  Supply Depot  
  15  0:43  Barracks  
  15  0:47  SCV  
  16  0:53  Refinery  
  16  0:59  SCV  
  17  1:09  Barracks  
  17  1:13  SCV  
  18  1:30  Barracks  
  18  1:31  Marine  
  19  1:35  SCV  
  20  1:47  SCV  
  20  1:51  Barracks  
  21  2:04  Barracks Tech Lab  
  21  2:11  Marine  
  22  2:27  Barracks  
  22  2:29  Combat Shields  
  22  2:31  Marine x2  
  24  2:42  Orbital Command  
  24  2:49  Marine x2  
  24  2:51  Marine x2  
  28  3:07  Marine, Reaper  
  28  3:09  Marine  
  31  3:15  Marine  
  31  3:17  Supply Depot  
  31  3:19  Marine  
  33  3:24  Marine  
  33  3:26  Marine  
  34  3:33  Marine  
  36  3:36  Marine  
  36  3:39  Marine  
  36  3:40  Supply Depot  
  38  3:42  Marine  
  38  3:57  Marine  
  38  3:58  Marine x3  
  38  4:00  Marine  
  40  4:15  Marine  
  38  4:25  Marine x3  
  38  4:26  Marine  
  42  4:33  Marine  
  40  4:43  Marine x4  
  34  5:21  Marine  
  34  5:22  Marine x4  
  34  5:24  Stimpack  
  39  5:39  Marine  
  39  5:40  Marine x4  
  40  5:57  Marine x3  
  40  5:58  Marine x2  
  45  6:15  Marine x2  
  41  7:03  Marine  
  41  7:04  Marine x4  
  46  7:09  SCV  
  46  7:11  Command Center  
  47  7:21  Marine, SCV  
  47  7:22  Marine x4  
  52  7:33  SCV  
Show
View Real Time Build Order
Export as new Build Order

Fropez Protoss 

Build Orders: 1 Gate Expand 

Get SALT Encoding   

  12  0:00  Probe (Chrono Boost)  
  13  0:16  Pylon  
  13  0:18  Probe (Chrono Boost)  
  14  0:28  Probe (Chrono Boost)  
  15  0:36  Gateway  
  15  0:39  Probe (Chrono Boost)  
  16  0:46  Assimilator  
  17  0:50  Probe (Chrono Boost)  
  17  1:00  Probe (Chrono Boost)  
  18  1:11  Probe (Chrono Boost)  
  19  1:21  Probe (Chrono Boost)  
  20  1:29  Nexus  
  20  1:32  Probe (Chrono Boost)  
  21  1:40  Pylon  
  21  1:42  Probe (Chrono Boost)  
  22  1:51  Assimilator  
  22  1:53  Probe (Chrono Boost)  
  22  1:56  Cybernetics Core  
  22  2:02  Assimilator  
  22  2:04  Probe (Chrono Boost)  
  23  2:15  Probe (Chrono Boost)  
  24  2:25  Probe (Chrono Boost)  
  25  2:39  Gateway  
  25  2:41  Gateway  
  25  2:42  Pylon, Probe (Chrono Boost)  
  27  2:49  Mothership Core (Chrono Boost)  
  28  2:52  Warp Gate (Chrono Boost)  
  28  2:59  Adept  
  28  3:05  Pylon  
  30  3:16  Pylon  
  30  3:18  Probe  
  30  3:19  Probe  
  31  3:26  Adept  
  34  3:27  Adept  
  34  3:31  Adept  
  38  3:35  Probe  
  37  4:02  Adept x2, Pylon  
  41  4:29  Robotics Facility  
  41  4:32  Adept x2  
  35  5:04  Adept  
  35  5:14  Adept x2, Pylon, Mothership Core  
  35  5:26  Pylon, Probe  
  35  5:28  Warp Prism, Assimilator  
  36  5:33  Gateway  
  38  5:36  Pylon  
  38  5:39  Pylon  
  38  5:41  Adept x3  
  44  5:58  Gateway  
  44  6:06  Adept  
  44  6:07  Adept  
  46  6:43  Adept  
  48  7:02  Twilight Council  
  48  7:06  Gateway  
  48  7:08  Gateway  
  48  7:18  Pylon  
  48  7:19  Gateway  
  48  7:22  Adept x2  
  41  7:47  Pylon  
Tags
 
Composition
MMM Bio
League
GoldGold
Matchup
PvT
Replay Pack
All Mines
Spawn Locations
Cross Positions
Add a new tag
Caveats
  • Supply blocks, unpowered buildings, or Contaminate may cause inaccurate times.
  • Supply counts are checked every 10 seconds.